 Dungeon Crawl Stone Soup version 0.27.1-33-g824d729ab1 (webtiles) character file.

Game seed: 1909042339154639730

11859 pkoi the Grappler (level 11, -20/88 HPs)
             Began as a Green Draconian Gladiator on Dec 3, 2021.
             Was an Elder of Dithmenos.
             Demolished by a komodo dragon (25 damage)
             ... on level 2 of the Lair of Beasts.
             The game lasted 00:18:32 (13146 turns).

pkoi the Grappler (Green Draconian Gladiator)      Turns: 13146, Time: 00:18:33

Health: -20/88     AC: 11    Str: 18    XL:     11   Next: 54%
Magic:  16/16      EV: 13    Int: 11    God:    Dithmenos [****..]
Gold:   381        SH:  0    Dex: 12    Spells: 12/17 levels left

rFire    . . .     SeeInvis .     - Unarmed
rCold    . . .     Faith    .   (no shield)
rNeg     . . .     Spirit   .   (armour unavailable)
rPois    +         Reflect  .   K - +2 hat
rElec    .         Harm     .   (no cloak)
rCorr    .         Rampage  .   v - +0 pair of gloves
Will     +....                  p - +0 pair of boots
Stlth    +++.......             s - amulet of regeneration
HPRegen  1.24/turn              g - +4 ring of slaying
MPRegen  0.15/turn              C - ring of willpower

@: slowed, wreathed by umbra, very slow
A: breathe noxious fumes, AC +7, unfitting armour, poison resistance,
cold-blooded
a: Breathe Noxious Fumes, Renounce Religion, Shadow Step


You were on level 2 of the Lair of Beasts.
You worshipped Dithmenos.
Dithmenos was greatly pleased with you.
You visited 2 branches of the dungeon, and saw 12 of its levels.

You collected 733 gold pieces.
You spent 352 gold pieces at shops.

Inventory:

Hand Weapons
 t - a +2 dagger of venom
 J - the +12 dire flail "Vayggez" {speed, *Slow rElec SInv}
   (You took it off an ogre on level 5 of the Dungeon)

   Attacks with this weapon are significantly faster.
   rElec:     It insulates you from electricity.
   SInv:      It lets you see invisible.
   *Slow:     It may slow you when you take damage.
Missiles
 b - 5 throwing nets
 u - 4 boomerangs
 A - 78 poisoned darts
 H - 468 stones
Armour
 a - a +1 hat
 p - a +0 pair of boots (worn)
 v - a +0 pair of gloves (worn)
 K - a +2 hat (worn)
Jewellery
 g - a +4 ring of slaying (left hand)
 s - an amulet of regeneration (around neck)
 x - a ring of see invisible
 C - a ring of willpower (right hand)
 D - a ring of positive energy
 E - an amulet of the acrobat
 F - an amulet of faith
 I - a +4 ring of evasion
Wands
 h - a wand of charming (8)
 n - a wand of iceblast (20)
 o - a wand of flame (64)
 r - a wand of paralysis (6)
 G - a wand of polymorph (3)
Scrolls
 c - 5 scrolls of teleportation
 k - 5 scrolls of blinking
 l - a scroll of torment
 q - a scroll of enchant weapon
 y - 4 scrolls of enchant armour
Potions
 d - a potion of flight
 e - 4 potions of attraction
 f - 2 potions of might
 i - a potion of ambrosia
 j - 3 potions of brilliance
 m - 2 potions of magic
 w - 6 potions of curing
 z - a potion of haste
 B - 2 potions of heal wounds


   Skills:
 - Level 5.2 Fighting
 - Level 1.7 Throwing
 - Level 4.8 Dodging
 - Level 4.1 Stealth
 + Level 13.1 Unarmed Combat
 - Level 3.8 Spellcasting
 + Level 3.0 Hexes
 + Level 5.4 Transmutations
 + Level 3.3 Ice Magic
 + Level 5.2 Earth Magic
 + Level 2.2 Evocations


You had 12 spell levels left.
You knew the following spells:

 Your Spells              Type           Power      Damage    Failure   Level
a - Passwall              Tmut/Erth      10%        N/A       4%          2
b - Ensorcelled Hibernat  Hex/Ice        18%        N/A       10%         2
c - Sandblast             Erth           26%        2d8       2%          1

Your spell library contained the following spells:

 Spells                   Type           Power      Damage    Failure   Level
 Corona                   Hex            8%         N/A       7%          1
 Tukima's Dance           Hex            8%         N/A       21%         3
 Swiftness                Air            2%         N/A       58%         3
 Lee's Rapid Deconstruct  Erth           6%         3d7*      58%         5
 Invisibility             Hex            4%         N/A       100%        6
 Malign Gateway           Summ/Tloc      1%         N/A       100%        7
 Summon Horrible Things   Summ           1%         N/A       100%        8


Dungeon Overview and Level Annotations

Branches:
Dungeon (9/15)             Temple (0/1) D:6            Lair (3/6) D:8
 Shoals (0/4) Lair:2
  Snake: Lair:2-4    Spider: Lair:2-4       Orc: D:9-12

Altars:
Dithmenos
Elyvilon
Hepliaklqana
Kikubaaqudgha
Makhleb
Ru
Trog
Uskayaw
Xom
Yredelemnul
The Shining One

Shops:
D:3 =?!   D:6 *

Annotations:
D:9 1 runed translucent door


Innate Abilities, Weirdness & Mutations

You can breathe blasts of noxious fumes.
Your lurid green scales are hard. (AC +7)
You cannot fit into any form of body armour.
Your system is resistant to poisons. (rPois)
You are cold-blooded and may be slowed by cold attacks.


Message History

The komodo dragon bites you but does no damage.
The komodo dragon closely misses you.
There is a stone staircase leading up here.
The cane toad closely misses you. The komodo dragon misses you.
The cane toad stings you!
The basilisk hisses angrily.
You climb upwards.
There is a stone staircase leading down, spattered with blood here.
You see here a wyvern skeleton.
You hit the cane toad but do no damage.
Your shadow barely misses the cane toad.
The komodo dragon closely misses you. The cane toad stings you.
You punch the cane toad!
The cane toad is moderately wounded.
The komodo dragon completely misses you.
The cane toad stings you.
You hit the cane toad but do no damage.
You tail-slap the cane toad, but do no damage.
The cane toad is moderately wounded.
The cane toad completely misses you. The komodo dragon barely misses you.
The cane toad stings you!
* * * LOW HITPOINT WARNING * * *
You punch the cane toad! Your punch misses the cane toad.
The cane toad is heavily wounded.
The komodo dragon closely misses you.
The cane toad stings you but does no damage.
The komodo dragon closely misses you.
You punch the cane toad!
The cane toad is almost dead.
The cane toad stings you!!
* * * LOW HITPOINT WARNING * * *
The komodo dragon bites you!
* * * LOW HITPOINT WARNING * * *
You hit the cane toad but do no damage.
You tail-slap the cane toad, but do no damage.
The cane toad is almost dead.
The cane toad stings you!
* * * LOW HITPOINT WARNING * * *
The komodo dragon bites you!!
You die...

##.## #..## ### #P..# ###..# ###
##...## #...## ###.P
#######..P+.## ###.P###### ##....
#.#.........P###.....#.#.###.#...
..............#.........#.#......
.P#.........##.........#....#....
............'..#l........###.#...
#.+.........#...@......### #.#...
.#P.........###.F####### ###...
###.........# #### #.###
####.P.#### ### #####


You could see a komodo dragon and a cane toad.

Vanquished Creatures
  Gastronok (Lair:2)
  Pikel (D:6)
  Joseph (D:9)
  A cane toad (Lair:1)
  Maggie (D:6)
  A rime drake (Lair:1)
  The ghost of styxcanada the Covert, a novice SpBr (D:5)
  A troll (D:8)
  A hornet (D:7)
  Sigmund (D:6)
  A vampire (D:9)
  2 wyverns
  Eustachio (D:6)
  Grum (D:9)
  4 basilisks
  8 yaks (Lair:1)
  Edmund (D:6)
  2 acid dragons (D:9)
  3 water moccasins
  Duvessa (D:4)
  3 orc warriors
  4 ice beasts (D:6)
  A necrophage (D:4)
  A centaur (D:5)
  4 wolves
  A phantom (D:7)
  8 ogres
  A lemure (D:6)
  3 kobold brigands
  8 bullfrogs
  A gnoll sergeant (D:6)
  Dowan (D:4)
  3 scorpions
  A water moccasin skeleton (D:6)
  3 killer bees (D:8)
  3 howler monkeys (D:8)
  13 wights
  3 electric eels
  A bullfrog zombie (D:6)
  A centaur skeleton (D:7)
  A jelly (D:5)
  3 orc priests
  A bullfrog skeleton (D:5)
  A gnoll shaman (D:2)
  6 hounds (D:8)
  2 iguanas
  2 orc wizards
  A scorpion zombie (D:3)
  A hound zombie (D:3)
  2 hound skeletons
  2 howler monkey zombies (D:9)
  16 gnolls
  2 howler monkey skeletons
  8 adders
  An ufetubus (D:5)
  An adder zombie (D:3)
  An adder skeleton (D:4)
  A worm (D:3)
  3 dart slugs
  16 orcs
  9 endoplasms
  4 giant cockroaches
  12 goblins
  16 hobgoblins
  8 jackals
  15 kobolds
  8 quokkas
  7 ball pythons
  A ball python zombie (D:3)
  7 bats
  A frilled lizard (D:1)
  6 rats
263 creatures vanquished.

Vanquished Creatures (others)
  3 fungi
  2 plants
5 creatures vanquished.

Grand Total: 268 creatures vanquished

Notes
Turn   | Place    | Note
-------+----------+-------------------------------------------
     0 | D:1      | pkoi the Draconian Gladiator began the quest for the Orb.
     0 | D:1      | Reached XP level 1. HP: 17/17 MP: 1/1
   463 | D:1      | Reached XP level 2. HP: 24/24 MP: 2/2
   642 | D:1      | Reached skill level 4 in Unarmed Combat
   841 | D:1      | Found a faded altar of an unknown god.
   991 | D:1      | Reached XP level 3. HP: 27/29 MP: 3/3
  1594 | D:2      | Reached XP level 4. HP: 25/36 MP: 4/4
  1712 | D:2      | Reached skill level 5 in Unarmed Combat
  2275 | D:3      | Found Hiwit's Distillery.
  2278 | D:3      | Bought a potion of degeneration for 10 gold pieces
  2278 | D:3      | Bought a potion of mutation for 80 gold pieces
  2408 | D:3      | Found a basalt altar of Yredelemnul.
  2415 | D:3      | Reached XP level 5. HP: 36/41 MP: 5/5
  2475 | D:3      | Found Uvoskeir's Magic Scroll Shop.
  2489 | D:3      | Bought a scroll of blinking for 82 gold pieces
  2539 | D:3      | Found a shadowy altar of Dithmenos.
  2555 | D:3      | Found Feipt's Jewellery Boutique.
  2569 | D:3      | Became a worshipper of Dithmenos the Shadowed
  2954 | D:2      | Reached skill level 6 in Unarmed Combat
  3622 | D:3      | Found a hazy altar of Hepliaklqana.
  3703 | D:3      | Reached skill level 7 in Unarmed Combat
  3703 | D:3      | Reached XP level 6. HP: 29/48 MP: 6/6
  3911 | D:3      | Found an ancient bone altar of Kikubaaqudgha.
  4324 | D:4      | Noticed Dowan
  4325 | D:4      | Noticed Duvessa
  4330 | D:4      | Killed Duvessa
  4331 | D:4      | Reached skill level 8 in Unarmed Combat
  4331 | D:4      | Your scales start taking on a lurid green colour.
  4331 | D:4      | Reached XP level 7. HP: 40/55 MP: 7/7
  4331 | D:4      | Gained mutation: Your system is resistant to poisons.
                  | (rPois) [Green Draconian growth]
  4338 | D:4      | Killed Dowan
  4338 | D:4      | Reached * piety under Dithmenos
  4741 | D:4      | Learned a level 2 spell: Passwall
  5156 | D:5      | Entered Level 5 of the Dungeon
  5181 | D:5      | Found a transporter.
  5185 | D:5      | Noticed styxcanada's ghost (novice SpBr)
  5205 | D:5      | Reached skill level 1 in Earth Magic
  5216 | D:5      | Identified the +12 dire flail "Vayggez" {speed, *Slow rElec
                  | SInv}
  5257 | D:4      | Reached skill level 1 in Transmutations
  5414 | D:5      | Found a bloodstained altar of Trog.
  5426 | D:5      | Reached skill level 1 in Stealth
  5426 | D:5      | Reached skill level 1 in Spellcasting
  5432 | D:5      | Reached XP level 8. HP: 53/62 MP: 9/9
  5509 | D:5      | Reached skill level 9 in Unarmed Combat
  5690 | D:5      | Found a white marble altar of Elyvilon.
  5938 | D:5      | Found a transporter.
  6118 | D:6      | Found Xopefiep's Neck Hole.
  6131 | D:6      | Noticed Eustachio
  6150 | D:6      | Killed Eustachio
  6235 | D:6      | Noticed Maggie
  6290 | D:6      | Reached ** piety under Dithmenos
  6389 | D:6      | Noticed Sigmund
  6401 | D:6      | Killed Sigmund
  6402 | D:6      | Reached XP level 9. HP: 70/71 MP: 12/12
  6411 | D:6      | Noticed Edmund
  6454 | D:6      | Killed Edmund
  6622 | D:6      | Found a staircase to the Ecumenical Temple.
  6647 | D:6      | Noticed Pikel
  6667 | D:6      | Killed Pikel
  6668 | D:6      | Reached skill level 10 in Unarmed Combat
  6778 | D:6      | Killed Maggie
  6787 | D:6      | Found a sacrificial altar of Ru.
  7203 | D:7      | Found a shimmering altar of Xom.
  7233 | D:7      | Learned a level 2 spell: Ensorcelled Hibernation
  7243 | D:7      | Reached skill level 5 in Fighting
  7281 | D:7      | Reached XP level 10. HP: 59/76 MP: 15/15
  7840 | D:3      | Bought a potion of curing for 30 gold pieces
  7840 | D:3      | Bought a potion of haste for 100 gold pieces
  7840 | D:3      | Bought a potion of heal wounds for 50 gold pieces
  8023 | D:8      | Reached skill level 1 in Hexes
  8061 | D:8      | Reached skill level 1 in Ice Magic
  8208 | D:8      | Reached *** piety under Dithmenos
  8281 | D:8      | Found a staircase to the Lair.
  8303 | D:8      | Reached skill level 11 in Unarmed Combat
  8642 | D:8      | Found a glowing golden altar of the Shining One.
  8905 | D:9      | Found a hide-covered altar of Uskayaw.
  9125 | D:9      | Found a runed translucent door.
  9126 | D:9      | Found a burning altar of Makhleb.
  9126 | D:9      | Noticed a sixfirhy
  9154 | D:9      | Noticed Grum
  9215 | D:9      | Killed Grum
  9239 | D:9      | Reached skill level 12 in Unarmed Combat
  9655 | D:9      | Noticed Joseph
  9724 | Lair:1   | Entered Level 1 of the Lair of Beasts
  9877 | Lair:1   | You fall into a shaft and drop 1 floor!
  9984 | Lair:1   | Reached **** piety under Dithmenos
 10078 | Lair:1   | Noticed a cane toad
 10087 | Lair:1   | Killed a cane toad
 10088 | Lair:1   | Reached XP level 11. HP: 64/88 MP: 16/16
 10902 | Lair:1   | Identified the +1 chain mail of Grace {Rampage rC++ Int+4}
 11380 | Lair:2   | Noticed an eight-headed hydra
 11393 | Lair:1   | Learned a level 1 spell: Sandblast
 12102 | D:5      | Killed styxcanada's ghost
 12450 | D:9      | Killed Joseph
 12630 | Lair:2   | HP: 3/88 [eight-headed hydra (10)]
 12759 | Lair:2   | Found a staircase to the Shoals.
 12907 | Lair:2   | Reached skill level 13 in Unarmed Combat
 12907 | Lair:2   | Reached skill level 1 in Evocations
 12914 | Lair:2   | Reached skill level 5 in Transmutations
 13022 | Lair:3   | Noticed Gastronok
 13079 | Lair:2   | Killed Gastronok
 13080 | Lair:2   | Reached skill level 5 in Earth Magic
 13146 | Lair:2   | Demolished by a komodo dragon

Illustrated notes

Levels and vault maps discovered:
D:1:      nzn_arrival_water_spiral, layout_basic,
          ebering_ecumenical_altar_abandoned
D:2:      layout_basic, minmay_tromino_v7
D:3:      cheibrodos_thug_alley, layout_basic, grunt_dithmenos_smoke,
          marbit_many_paths, nicolae_yredelemnul_corpse_copse,
          lemuel_tele_altar, serial_shops, shop, nicolae_lakefront_shop,
          nicolae_shop_behind_doors, minivault_23, kennysheep_another_room,
          guppyfry_early_orc_mine
D:4:      layout_loops_ring, uniq_duvessa
D:5:      layout_cave_pools, lemuel_crystal_altar,
          nicolae_elyvilon_peaceful_grove, gammafunk_ghost_smash,
          roderic_filled_cross
D:6:      layout_loops_cross, mainiacjoe_overflow_surrounded_room,
          minmay_temple_entry_slanted, nicolae_shop_sticking_my_neck_out,
          uniq_maggie, uniq_pikel, uniq_eustachio, uniq_edmund, uniq_sigmund
D:7:      layout_basic, mainiacjoe_overflow_paths
D:8:      layout_gridville, tso_oasis_becter, erik_lair_island
D:9:      layout_irregular_city, eat_drink_and_be_merry_uskayaw,
          nzn_makhleb_speed_demon, uniq_joseph, uniq_grum
Lair:1:   layout_chaotic_city, grunt_megastairs_3
Lair:2:   layout_roguey, elwin_shoals_entry_rooms, infiniplex_staircase_pool_2
Lair:3:   layout_loops_ring, guppyfry_snake_entry_garden,
          kennysheep_basilisk_garden, lemuel_fruit_fields, uniq_gastronok

Skill      XL: |  1  2  3  4  5  6  7  8  9 10 11 |
---------------+----------------------------------+-----
Unarmed Combat | 4 5 7 8 9 10 12 13 | 13.1
Earth Magic    | 1 2 3 4 5 |  5.2
Transmutations | 1 2 4 5 |  5.4
Dodging        | 3 4 |  4.8
Stealth        | 1 2 3 4 |  4.1
Spellcasting   | 1 2 3 |  3.8
Fighting       | 3 5 |  5.2
Hexes          | 1 3 |  3.0
Ice Magic      | 1 3 |  3.3
Evocations     | 2 |  2.2
Throwing       | |  1.7

Action                   |  1- 3 |  4- 6 |  7- 9 | 10-12 || total
-------------------------+-------+-------+-------+-------++-------
Melee: Unarmed           |   143 |   163 |   247 |   320 ||   873
       Tailslap          |    18 |    15 |    34 |    45 ||   112
       Punch             |     4 |     2 |    11 |    19 ||    36
       Dire flail        |       |       |       |     7 ||     7
Throw: Throwing net      |       |       |     1 |       ||     1
 Cast: Sandblast         |       |       |       |     6 ||     6
 Abil: Breathe Noxious F |       |       |     5 |     2 ||     7
  Use: Scroll            |       |       |    15 |     4 ||    19
       Potion            |       |       |       |     1 ||     1
 Stab: Sleeping          |     1 |     3 |     6 |     4 ||    14
       Held in net/web   |       |       |     1 |       ||     1
       Confused          |       |       |     4 |     1 ||     5
       Distracted        |       |       |       |     2 ||     2
Armor: Skin              |    32 |    18 |    44 |    89 ||   183
Dodge: Dodged            |    96 |    94 |   138 |   206 ||   534
